 Dungeon Crawl Stone Soup version 0.31.0-12-g77e489cdc1 (webtiles) character file.

Game seed: 12942766039294883424

68 Gadfly the Trooper (level 4, -1/35 HPs)
             Began as a Demonspawn Monk on Feb 24, 2024.
             Incinerated by a bombardier beetle (4 damage)
             ... with a burning spray
             ... on level 3 of the Dungeon.
             The game lasted 00:02:08 (1494 turns).

Gadfly the Trooper (Demonspawn Monk)                Turns: 1494, Time: 00:02:08

Health: -1/35      AC:  2    Str: 13    XL:     4   Next: 1%
Magic:  4/4        EV: 18    Int: 11    God:
Gold:   153        SH:  0    Dex: 15    Spells: 3/3 levels left

rFire   . .          .
                       - Unarmed
rCold   . . .        c - orb {light}
rNeg    . . .        a - +0 robe
rPois   .            (no helmet)
rElec   .            (no cloak)
rCorr   .            (no gloves)
SInv    .            (no boots)
Will    .....        (no amulet)
Stlth   +            i - +5 ring of evasion
HPRegen 0.25/turn    (no ring)
MPRegen 0.09/turn

%: no passive effects
@: confused, on fire, ambrosia-drunk, glowing
A: hooves 1, ignite blood 1
a: no special abilities


You were on level 3 of the Dungeon.
You visited 1 branch of the dungeon, and saw 3 of its levels.

You collected 153 gold pieces.

Inventory:

Armour
 a - a +0 robe (worn)
 c - an orb of light (worn)
Jewellery
 d - a ring of fire
 i - a +5 ring of evasion (left hand)
Scrolls
 e - 2 scrolls of teleportation
 g - a scroll of silence {unknown}
Potions
 f - a potion of heal wounds {unknown}


   Skills:
 - Level 3.0 Fighting
 + Level 3.0 Dodging
 + Level 3.0 Unarmed Combat
 * Level 2.0 Evocations
 * Level 1.5 Shapeshifting


You had 3 spell levels left.
You didn't know any spells.
Your spell library contained the following spells:

 Spells                   Type           Power      Damage    Failure   Level
 Static Discharge         Conj/Air       0%         3-3/arc   47%         2
 Airstrike                Air            0%         2d(0-16)  98%         4
 Summon Lightning Spire   Summ/Air       0%         N/A       98%         4
 Summon Forest            Summ/Tloc      0%         N/A       100%        5
 Eringya's Noxious Bog    Alch           0%         4d6       100%        6
 Summon Hydra             Summ           0%         N/A       100%        7


Dungeon Overview and Level Annotations

Branches:
Dungeon (3/15)

Altars:


Innate Abilities, Weirdness & Mutations

You have large cloven feet.
Your demonic aura sometimes causes spilled blood to erupt in flames.


Message History

You are too injured to fight recklessly!
You are too injured to fight recklessly!
You are too injured to fight recklessly!
You are too injured to fight recklessly!
You are too injured to fight recklessly!
You are too injured to fight recklessly!
You are too injured to fight recklessly!
You are too injured to fight recklessly!
You are too injured to fight recklessly!
You are too injured to fight recklessly!
You are too injured to fight recklessly!
You are too injured to fight recklessly!
You are too injured to fight recklessly!
Unknown command.
You hit the bombardier beetle but do no damage.
You kick the bombardier beetle, but do no damage.
The bombardier beetle is almost dead.
The liquid fire burns you!
You hit the bombardier beetle but do no damage.
The bombardier beetle is almost dead.
The liquid fire burns you!
* * * LOW HITPOINT WARNING * * *
The bombardier beetle sprays incendiary fluid at you.
The burning spray hits you.
You are even more covered in liquid fire!
You hit the bombardier beetle but do no damage.
The bombardier beetle is almost dead.
The liquid fire burns you!
* * * LOW HITPOINT WARNING * * *
You hit the bombardier beetle. Your kick misses the bombardier beetle.
The bombardier beetle is almost dead.
The liquid fire burns you!
* * * LOW HITPOINT WARNING * * *
The bombardier beetle sprays incendiary fluid at you.
The burning spray hits you.
You are even more covered in liquid fire!
You are confused.
You feel invigorated. The liquid fire burns you!
You die...

. #..... ......####.####
#............<.
#.........))...
#..............
#..............
#..............
##########........#....#
......B@................
.....#####..............
... ##.......#..... .
##########.... #....
#.... ..... #.....
#.....


You could see a bombardier beetle.

Vanquished Creatures
  A gnoll (D:1)
  An adder (D:3)
  An orc (D:3)
  4 endoplasms
  A giant cockroach (D:2)
  A goblin (D:3)
  6 hobgoblins
  3 quokkas
  6 ball pythons
  9 bats
  A frilled lizard (D:1)
  8 kobolds
  3 rats
45 creatures vanquished.

Notes
Turn   | Place    | Note
-------+----------+-------------------------------------------
     0 | D:1      | Gadfly the Demonspawn Monk began the quest for the Orb.
     0 | D:1      | Reached XP level 1. HP: 18/18 MP: 1/1
   129 | D:1      | Gained mutation: Your demonic aura sometimes causes spilled
                  | blood to erupt in flames. [demonic ancestry]
   129 | D:1      | Reached XP level 2. HP: 20/24 MP: 2/2
   293 | D:1      | Reached skill level 1 in Evocations
   312 | D:1      | Reached skill level 1 in Shapeshifting
   424 | D:1      | Reached XP level 3. HP: 26/29 MP: 3/3
  1401 | D:3      | Gained mutation: You have large cloven feet. [demonic
                  | ancestry]
  1401 | D:3      | Reached XP level 4. HP: 21/35 MP: 4/4
  1494 | D:3      | Incinerated by a bombardier beetle

Illustrated notes

Levels and vault maps discovered:
D:1:      dpeg_arrival_shrine, layout_basic
D:2:      layout_rooms
D:3:      layout_basic, grunt_temple_overflow_open,
          dreamdust_ecumenical_altar_statues, ebering_ghost_sewer_d

Skill      XL: |  1  2  3 |
---------------+----------+-----
Evocations     | 1 2 |  2.0
Shapeshifting  | 1 |  1.5
Dodging        | 3 |  3.0
Unarmed Combat | 3 |  3.0
Fighting       | |  3.0

Action                     |  1- 3 |  4- 6 || total
---------------------------+-------+-------++-------
  Melee: Unarmed           |   152 |    16 ||   168
         Kick              |       |     9 ||     9
    Use: Scroll            |     8 |       ||     8
         Potion            |       |     1 ||     1
 Armour: Robe              |    48 |       ||    48
  Dodge: Dodged            |   157 |     6 ||   163
